 Dungeon Crawl Stone Soup version 0.28-a0-1510-gd0f6b136d3 (webtiles) character file.

Game seed: 13509894430465847329

2037 frimble the Grasshopper (level 9, -20/61 HPs)
             Began as a Demonspawn Warper on Jan 15, 2022.
             Was a Follower of Cheibriados.
             Killed by an exploding orc (48 damage)
             ... ignited by their inner flame
             ... on level 6 of the Dungeon.
             The game lasted 00:09:48 (8455 turns).

frimble the Grasshopper (Demonspawn Warper)         Turns: 8455, Time: 00:09:49

Health: -20/61     AC:  7    Str: 15    XL:     9   Next: 4%
Magic:  7/12       EV: 13    Int: 23    God:    Cheibriados [*.....]
Gold:   330        SH:  5    Dex: 16    Spells: 7/12 levels left

rFire   . . .      SeeInvis .   o - +2 dagger (venom)
rCold   . . .      Faith    .   (no shield)
rNeg    . . .      Spirit   .   n - +2 robe {Archmagi}
rPois   .          Reflect  +   q - +0 helmet
rElec   .          Harm     .   s - +0 cloak
rCorr   .          Rampage  .   (no gloves)
Will    .....      Archmagi +   (no boots)
Stlth   +++.......              i - amulet "Qysockat" {Reflect Int+2 SH+5}
HPRegen 0.20/turn               (no ring)
MPRegen 0.13/turn               (no ring)

@: very slow
A: foul stench 2, sharp scales 1, demonic magic 1
a: Renounce Religion, Bend Time


You were on level 6 of the Dungeon.
You worshipped Cheibriados.
Cheibriados was aware of your devotion.
You visited 1 branch of the dungeon, and saw 6 of its levels.

You collected 330 gold pieces.

Inventory:

Hand Weapons
 a - a +1 short sword of draining
 o - a +2 dagger of venom (weapon)
Missiles
 h - 3 boomerangs of dispersal (quivered)
 p - 4 poisoned darts
Armour
 n - a +2 robe of the Archmagi (worn)
 q - a +0 helmet (worn)
 s - a +0 cloak (worn)
Jewellery
 i - the amulet "Qysockat" (around neck) {Reflect Int+2 SH+5}
   (You took it off an orc on level 3 of the Dungeon)

   [amulet of reflection]

   It reflects blocked missile attacks.
   Int:       It affects your intelligence (+2).
   SH:        It affects your SH (+5).
Wands
 d - a wand of charming (9)
 l - a wand of flame (12)
Scrolls
 b - a scroll of silence
 c - 2 scrolls of blinking
 e - a scroll of immolation
 f - a scroll of magic mapping
 g - 2 scrolls of vulnerability
 j - 3 scrolls of identify
 r - a scroll of enchant weapon
Potions
 k - a potion of degeneration
 m - a potion of flight
 t - a potion of resistance
 u - a potion of curing


   Skills:
 - Level 2.0 Fighting
 + Level 6.7 Short Blades
 + Level 3.0 Throwing
 - Level 0.8 Armour
 - Level 3.0 Dodging
 + Level 4.2 Stealth
 - Level 2.0 Spellcasting
 + Level 7.0 Translocations


You had 7 spell levels left.
You knew the following spells:

 Your Spells              Type           Power      Damage    Failure   Level
a - Blink                 Tloc           100%       N/A       1%          2
b - Gell's Gravitas       Tloc           51%        N/A       1%          3

Your spell library contained the following spells:

 Spells                   Type           Power      Damage    Failure   Level
 Lesser Beckoning         Tloc           51%        N/A       1%          3
 Teleport Other           Tloc           51%        N/A       1%          3
 Manifold Assault         Tloc           51%        N/A       19%         5


Dungeon Overview and Level Annotations

Branches:
Dungeon (6/15)
 Temple: D:4-7

Altars:
Cheibriados


Innate Abilities, Weirdness & Mutations

You sometimes emit foul miasma when damaged in melee.
You are partially covered in razor-sharp scales. (AC +1, Slay +1)
Spells you cast may paralyse adjacent enemies.


Message History

o - a +2 dagger of venom (weapon)
You hit the orc but do no damage.
You feel stable enough to blink again. The orc barely misses you.
You hit the orc.
The orc is poisoned.
The orc is moderately wounded.
The meliai zombie hits you!
The meliai zombie completely misses you.
The orc barely misses you.
Okay, then.
Unknown command.
Casting: Blink (safe; 1% risk of failure)
Confirm with . or Enter, or press ? or * to list all spells.
You feel a surge of power!
You blink.
Malevolent energies surge around you.
Really read the scroll of immolation?
As you read the scroll of immolation, it crumbles to dust.
The creatures around you are filled with an inner flame!
Flame seeps out of the orc.
The orc is engulfed in blazing flames.
Cheibriados appreciates the change of pace.
The orc explodes!
The fiery explosion engulfs the orc wizard!!
Cheibriados thoroughly appreciates the change of pace.
Cheibriados raises the support of your attributes as your movement slows.
The fiery explosion engulfs the orc!!!
Cheibriados appreciates the change of pace.
The fiery explosion engulfs the adder!!
Cheibriados appreciates the change of pace.
The fiery explosion engulfs the jelly!!
Cheibriados appreciates the change of pace.
The jelly explodes!
The adder explodes!
The orc explodes!
The orc wizard explodes!
The fiery explosion engulfs the meliai zombie!!!
Flame seeps out of the meliai zombie.
The meliai zombie is severely damaged.
The fiery explosion engulfs the orc!!
Cheibriados thoroughly appreciates the change of pace.
The orc explodes!
The fiery explosion engulfs you!!!
Ouch! That really hurt!
You die...

....## ####.# .⌠. .....#
#......## ... .....## #.......###
⌠. ......### #...$.....##
........# #..........## #.......#
#...........## ##......##
#............# ##.......#
#...§§§§§....# ### #........#
#..@§§○§§....# #.. #........##
#..§Z§§§§...## ##.. ..........#
#....§§§§...# #... ..........##
#...........# #### ........)..#
#........☼..# ###.
...........###.......○...## ##...
............##............###..##
..........#..##........#..#..###
..........##<.#........##...##


You could see a meliai zombie (inner flame).

Vanquished Creatures
  Pikel (D:6)
  Sigmund (D:2)
  3 water moccasins
  Duvessa (D:6)
  2 black bears
  A sky beast (D:6)
  A necrophage (D:6)
  A scorpion (D:4)
  Dowan (D:6)
  2 wights
  A centaur zombie (D:5)
  A bullfrog skeleton (D:5)
  2 hounds (D:6)
  A jelly (D:6)
  Terence (D:3)
  Jessica (D:3)
  An iguana (D:5)
  2 orc wizards
  Natasha (twice) (D:2)
  11 adders
  A worm (D:3)
  2 dart slugs (D:3)
  20 orcs
  4 bats
  2 endoplasms (D:1)
  4 giant cockroaches
  4 goblins
  7 hobgoblins
  4 jackals
  3 quokkas
  8 ball pythons
  3 frilled lizards
  8 kobolds
  12 rats
119 creatures vanquished.

Vanquished Creatures (others)
  7 plants (D:3)
7 creatures vanquished.

Grand Total: 126 creatures vanquished

Notes
Turn   | Place    | Note
-------+----------+-------------------------------------------
     0 | D:1      | frimble the Demonspawn Warper began the quest for the Orb.
     0 | D:1      | Reached XP level 1. HP: 16/16 MP: 3/3
   421 | D:1      | Gained mutation: Spells you cast may paralyse adjacent
                  | enemies. [demonic ancestry]
   421 | D:1      | Reached XP level 2. HP: 22/22 MP: 5/5
   768 | D:1      | Reached skill level 3 in Translocations
  1624 | D:2      | Reached XP level 3. HP: 27/27 MP: 6/6
  2267 | D:2      | Noticed Natasha
  2395 | D:3      | Gained mutation: You are partially covered in razor-sharp
                  | scales. (AC +1, Slay +1) [demonic ancestry]
  2395 | D:3      | Reached XP level 4. HP: 29/33 MP: 7/7
  2996 | D:3      | Identified the amulet "Qysockat" {Reflect Int+2 SH+5}
  3072 | D:3      | Learned a level 2 spell: Blink
  3079 | D:3      | Found a snail-covered altar of Cheibriados.
  3284 | D:3      | Noticed Terence
  3507 | D:2      | Reached XP level 5. HP: 15/38 MP: 8/8
  3654 | D:2      | Killed Natasha
  3971 | D:2      | Noticed Sigmund
  3989 | D:2      | Killed Sigmund
  3990 | D:2      | Reached skill level 4 in Translocations
  3990 | D:2      | Reached XP level 6. HP: 25/44 MP: 9/9
  4241 | D:2      | Noticed Natasha
  4245 | D:2      | Killed Natasha
  4349 | D:3      | Killed Terence
  4473 | D:3      | Reached skill level 5 in Translocations
  4641 | D:3      | Noticed Jessica
  4645 | D:3      | Killed Jessica
  4785 | D:3      | Gained mutation: You may rarely emit foul miasma when
                  | damaged in melee. [demonic ancestry]
  4785 | D:3      | Reached XP level 7. HP: 50/50 MP: 10/10
  4971 | D:3      | Became a worshipper of Cheibriados the Contemplative
  5115 | D:4      | Reached skill level 5 in Short Blades
  5740 | D:4      | Reached * piety under Cheibriados
  6467 | D:5      | Entered Level 5 of the Dungeon
  6519 | D:5      | Learned a level 3 spell: Gell's Gravitas
  6679 | D:5      | Reached skill level 1 in Stealth
  6687 | D:5      | Reached skill level 6 in Translocations
  7016 | D:5      | Gained mutation: You sometimes emit foul miasma when
                  | damaged in melee. [demonic ancestry]
  7016 | D:5      | Reached XP level 8. HP: 27/56 MP: 11/11
  7766 | D:6      | Reached skill level 1 in Throwing
  7901 | D:6      | Noticed Duvessa
  7901 | D:6      | Noticed Dowan
  7917 | D:6      | Killed Duvessa
  7921 | D:6      | Killed Dowan
  8236 | D:6      | Noticed Pikel
  8268 | D:6      | Killed Pikel
  8269 | D:6      | Reached skill level 7 in Translocations
  8451 | D:6      | Reached XP level 9. HP: 34/61 MP: 9/12
  8455 | D:6      | Killed by an exploding orc... ignited by their inner flame

Illustrated notes

Levels and vault maps discovered:
D:1:      elethiomel_arrival_quiet, layout_basic
D:2:      layout_loops_ring, kennysheep_flooded_box, uniq_sigmund, uniq_natasha
D:3:      layout_loops_corners, mainiacjoe_overflow_six_doors_small,
          lexackson_kobold_supper, uniq_jessica, uniq_terence
D:4:      layout_basic, serial_park_tiny_1, kennysheep_boxes
D:5:      layout_cave_pools
D:6:      layout_cave_pods, minmay_temple_entry_from_below_b,
          chequers_serial_rivers_micro_c, corexii_shack, uniq_pikel,
          uniq_duvessa, uniq_menkaure

Skill      XL: |  1  2  3  4  5  6  7  8 |
---------------+-------------------------+-----
Short Blades   | 2 3 4 5 6 |  6.7
Dodging        | 2 3 |  3.0
Translocations | 3 4 5 6 7 |  7.0
Stealth        | 2 4 |  4.2
Throwing       | 3 |  3.0
Fighting       | |  2.0
Armour         | |  0.8
Spellcasting   | |  2.0

Action                   |  1- 3 |  4- 6 |  7- 9 || total
-------------------------+-------+-------+-------++-------
Melee: Short sword       |   160 |   159 |   184 ||   503
       Punch             |     2 |     1 |     3 ||     6
       Dagger            |       |       |    73 ||    73
Throw: Boomerang         |     5 |    17 |    12 ||    34
       Dart              |       |       |     8 ||     8
 Cast: Blink             |       |       |     9 ||     9
Evoke: Wand              |       |       |     1 ||     1
  Use: Scroll            |     5 |     5 |     4 ||    14
       Potion            |     1 |     3 |     4 ||     8
 Stab: Sleeping          |       |     1 |       ||     1
Armor: Leather armour    |    38 |    32 |    48 ||   118
       Skin              |    52 |    17 |       ||    69
       Robe              |       |       |     4 ||     4
Dodge: Dodged            |    95 |    70 |   110 ||   275
Block: Other             |       |    11 |    46 ||    57
       Reflection        |       |       |     2 ||     2

Table legend: (Time is in decaauts)
 A = Elapsed time spent in this place.
 B = Non-inter-level travel time spent in this place.
 C = Inter-level travel time spent in this place.
 D = Time resting spent in this place.
 E = Time spent auto-exploring this place.
 F = Levels seen in this place.
 G = Mean time per level.
                   A        B        C        D        E       F      G
               +--------+--------+--------+--------+--------+-----+--------+
         Total |   8911 |   8590 |    321 |    546 |   6902 |   6 | 1485.2 |
       Dungeon |   8911 |   8590 |    321 |    546 |   6902 |   6 | 1485.2 |
               +--------+--------+--------+--------+--------+-----+--------+

Top non-repeatable levels by time:
     D:2: 1971 daAuts
     D:4: 1707 daAuts
     D:3: 1626 daAuts
     D:1: 1408 daAuts
     D:5: 1286 daAuts
     D:6: 910 daAuts
